[ AOE2 MATCH · #495781182 ]
UnrankedTeutons vs Bengalis
Player's team · WIN
Rival team · LOSS
[ REPLAY ANALYSIS · EXTRACTED FROM THE RECORDED GAME ]
Feudal
11:14
Castle
23:59
Imperial
36:59
| APM avg | 40.6 |
| APM peak | 87 |
| eAPM avg | 19.2 |
| Villagers / military | 135 / 312 |
Focus
⚔️ 48.4% · 🌾 51.6%
Knight ×170 · Skirmisher ×96 · Archer ×24 · Battering Ram ×8 · Trebuchet (Packed) ×7 · Militia ×4
Feudal
9:21
Castle
23:53
Imperial
42:43
| APM avg | 53.7 |
| APM peak | 103 |
| eAPM avg | 29.7 |
| Villagers / military | 281 / 199 |
Focus
⚔️ 40.5% · 🌾 59.5%
Scout Cavalry ×76 · Ratha (Ranged) ×55 · Spearman ×49 · Skirmisher ×11 · Monk ×6 · Mangonel ×1
Match map
Initial resources + every placement click. Lines = walls · curves = elevation contours. ◆ gold · ⬟ stone · ● berries · ✦ relic · ◌ wall gap
Your base· ✓ Closed at 23:59 · 37t walls · no gate
botas.el.gato's base· Open — opponent sealed themselves in
Smoothed initial terrain · ◌ = detected wall gap · hover for details
Inputs per minute
— KLOAKAN - - botas.el.gato
Build order — KLOAKAN
First 150 of 628 actions detected
| 0:00 | Queue | Villager (Male) |
| 0:01 | Queue | Villager (Male) |
| 0:01 | Queue | Villager (Male) |
| 0:02 | Build | House |
| 0:04 | Build | House |
| 0:50 | Queue | Villager (Male) |
| 1:32 | Queue | Villager (Male) |
| 1:58 | Build | Lumber Camp |
| 2:04 | Queue | Villager (Male) |
| 2:25 | Queue | Villager (Male) |
| 2:57 | Queue | Villager (Male) |
| 2:57 | Queue | Villager (Male) |
| 3:25 | Queue | Villager (Male) |
| 3:48 | Queue | Villager (Male) |
| 3:48 | Queue | Villager (Male) |
| 3:55 | Build | House |
| 4:09 | Queue | Villager (Male) |
| 4:09 | Queue | Villager (Male) |
| 4:35 | Queue | Villager (Male) |
| 4:38 | Build | House |
| 4:53 | Queue | Villager (Male) |
| 4:58 | Build | Barracks |
| 5:03 | Build | Palisade Wall |
| 5:16 | Queue | Villager (Male) |
| 5:31 | Queue | Villager (Male) |
| 5:43 | Build | Palisade Wall |
| 5:45 | Build | House |
| 6:09 | Queue | Militia |
| 6:09 | Queue | Militia |
| 6:10 | Queue | Militia |
| 6:10 | Queue | Militia |
| 6:11 | Queue | Villager (Male) |
| 6:32 | Queue | Villager (Male) |
| 7:01 | Queue | Villager (Male) |
| 7:10 | Build | Mill |
| 7:37 | Queue | Villager (Male) |
| 7:38 | Queue | Villager (Male) |
| 7:52 | Research | Loom |
| 8:18 | Build | Mining Camp |
| 9:04 | Research | Feudal Age |
| 9:15 | Build | Lumber Camp |
| 9:38 | Build | Farm |
| 9:51 | Build | House |
| 9:52 | Build | Palisade Wall |
| 9:56 | Queue | Villager (Male) |
| 11:14 | Age | Feudal Age |
| 11:20 | Build | Archery Range |
| 11:23 | Build | Archery Range |
| 11:28 | Build | Palisade Wall |
| 11:30 | Queue | Villager (Male) |
| 11:34 | Research | Double-Bit Axe |
| 12:24 | Queue | Villager (Male) |
| 12:24 | Queue | Villager (Male) |
| 12:31 | Queue | Archer |
| 12:31 | Queue | Archer |
| 12:54 | Queue | Villager (Male) |
| 12:59 | Build | Blacksmith |
| 13:01 | Queue | Archer |
| 13:02 | Queue | Archer |
| 13:19 | Build | Farm |
| 13:28 | Queue | Villager (Male) |
| 13:30 | Queue | Archer |
| 13:30 | Queue | Archer |
| 13:49 | Build | House |
| 13:52 | Research | Town Watch |
| 13:55 | Research | Fletching |
| 13:57 | Build | House |
| 14:12 | Queue | Villager (Male) |
| 14:17 | Queue | Archer |
| 14:24 | Build | House |
| 14:39 | Queue | Villager (Male) |
| 14:50 | Build | Farm |
| 14:59 | Build | Farm |
| 15:00 | Build | Farm |
| 15:02 | Queue | Archer |
| 15:02 | Queue | Archer |
| 15:05 | Build | Farm |
| 15:07 | Queue | Villager (Male) |
| 15:12 | Build | Farm |
| 15:12 | Queue | Villager (Male) |
| 15:14 | Queue | Archer |
| 15:14 | Queue | Archer |
| 15:33 | Build | House |
| 15:36 | Queue | Villager (Male) |
| 16:15 | Queue | Villager (Male) |
| 16:18 | Build | Farm |
| 16:21 | Build | Farm |
| 16:24 | Build | Farm |
| 16:27 | Queue | Villager (Male) |
| 16:42 | Queue | Archer |
| 16:43 | Queue | Archer |
| 16:43 | Queue | Archer |
| 16:47 | Build | Farm |
| 16:53 | Queue | Villager (Male) |
| 17:06 | Queue | Villager (Male) |
| 17:08 | Queue | Archer |
| 17:08 | Queue | Archer |
| 17:14 | Build | Farm |
| 17:23 | Build | House |
| 17:27 | Queue | Spearman |
| 17:27 | Queue | Spearman |
| 17:54 | Queue | Villager (Male) |
| 17:59 | Queue | Archer |
| 18:00 | Queue | Archer |
| 18:16 | Queue | Villager (Male) |
| 18:18 | Queue | Archer |
| 18:18 | Queue | Archer |
| 18:30 | Build | Farm |
| 18:32 | Build | Farm |
| 18:55 | Queue | Villager (Male) |
| 18:56 | Queue | Villager (Male) |
| 19:00 | Build | Farm |
| 19:04 | Build | Farm |
| 19:07 | Build | Farm |
| 19:10 | Build | Farm |
| 19:13 | Build | House |
| 19:15 | Build | House |
| 19:17 | Build | Palisade Wall |
| 19:30 | Build | House |
| 19:51 | Queue | Villager (Male) |
| 20:04 | Queue | Archer |
| 20:04 | Queue | Archer |
| 20:19 | Build | House |
| 20:24 | Build | Palisade Wall |
| 20:27 | Queue | Villager (Male) |
| 20:32 | Build | Farm |
| 20:36 | Build | Farm |
| 20:55 | Queue | Archer |
| 20:55 | Queue | Archer |
| 21:19 | Research | Castle Age |
| 21:48 | Build | Stable |
| 21:50 | Research | Horse Collar |
| 22:42 | Build | Market |
| 22:46 | Build | Stable |
| 23:07 | Research | Scale Barding Armor |
| 23:11 | Research | Bloodlines |
| 23:53 | Build | House |
| 23:59 | Age | Castle Age |
| 24:02 | Research | Bodkin Arrow |
| 24:03 | Research | Crossbowman (upgrade) |
| 24:16 | Queue | Villager (Male) |
| 24:19 | Research | Bow Saw |
| 24:23 | Build | Town Center |
| 24:32 | Queue | Villager (Male) |
| 24:51 | Queue | Villager (Male) |
| 25:18 | Queue | Villager (Male) |
| 25:25 | Build | House |
| 25:35 | Build | Town Center |
| 25:38 | Queue | Knight |
| 25:38 | Queue | Knight |
Build order — botas.el.gato
First 150 of 769 actions detected
| 0:01 | Queue | Villager (Male) |
| 0:01 | Queue | Villager (Male) |
| 0:02 | Queue | Villager (Male) |
| 0:03 | Build | House |
| 0:05 | Build | House |
| 0:13 | Queue | Villager (Male) |
| 1:30 | Queue | Villager (Male) |
| 1:51 | Research | Loom |
| 1:59 | Queue | Villager (Male) |
| 2:00 | Queue | Villager (Male) |
| 2:24 | Queue | Villager (Male) |
| 2:24 | Queue | Villager (Male) |
| 2:33 | Queue | Villager (Male) |
| 3:05 | Queue | Villager (Male) |
| 3:05 | Queue | Villager (Male) |
| 3:09 | Build | Lumber Camp |
| 3:22 | Queue | Villager (Male) |
| 3:46 | Queue | Villager (Male) |
| 3:46 | Queue | Villager (Male) |
| 3:52 | Build | House |
| 4:02 | Queue | Villager (Male) |
| 4:17 | Build | House |
| 4:43 | Queue | Villager (Male) |
| 4:47 | Queue | Villager (Male) |
| 4:52 | Queue | Villager (Male) |
| 4:52 | Queue | Villager (Male) |
| 5:44 | Build | Mill |
| 6:43 | Queue | Villager (Male) |
| 7:11 | Research | Feudal Age |
| 7:11 | Research | Feudal Age |
| 7:26 | Build | House |
| 7:28 | Build | Palisade Wall |
| 7:53 | Queue | Villager (Male) |
| 7:57 | Build | House |
| 7:59 | Build | Palisade Wall |
| 8:03 | Build | House |
| 8:05 | Build | Palisade Wall |
| 8:20 | Build | Lumber Camp |
| 8:31 | Build | Palisade Wall |
| 8:36 | Build | House |
| 8:38 | Build | House |
| 8:58 | Queue | Villager (Male) |
| 9:06 | Queue | Villager (Male) |
| 9:14 | Build | Palisade Wall |
| 9:16 | Build | House |
| 9:18 | Build | House |
| 9:21 | Age | Feudal Age |
| 9:32 | Queue | Villager (Male) |
| 9:47 | Build | House |
| 9:55 | Build | House |
| 9:58 | Research | Double-Bit Axe |
| 10:15 | Build | House |
| 10:20 | Build | House |
| 10:20 | Queue | Villager (Male) |
| 10:41 | Build | House |
| 10:43 | Build | Palisade Wall |
| 10:52 | Build | Palisade Wall |
| 10:55 | Queue | Villager (Male) |
| 11:06 | Build | Palisade Wall |
| 11:12 | Build | Farm |
| 11:16 | Build | Farm |
| 11:38 | Queue | Villager (Male) |
| 11:47 | Queue | Villager (Male) |
| 11:56 | Queue | Villager (Male) |
| 12:02 | Build | Barracks |
| 12:19 | Queue | Villager (Male) |
| 12:29 | Build | Farm |
| 12:30 | Build | Farm |
| 12:35 | Build | Farm |
| 12:49 | Queue | Villager (Male) |
| 12:51 | Build | Farm |
| 12:54 | Build | Farm |
| 13:05 | Build | Palisade Wall |
| 13:12 | Build | Archery Range |
| 13:24 | Build | Mining Camp |
| 13:40 | Build | Stable |
| 13:48 | Queue | Villager (Male) |
| 13:56 | Build | Farm |
| 14:22 | Build | Mining Camp |
| 14:23 | Queue | Villager (Male) |
| 14:24 | Queue | Scout Cavalry |
| 14:29 | Build | Farm |
| 14:29 | Queue | Villager (Male) |
| 14:32 | Build | House |
| 14:34 | Build | Palisade Wall |
| 14:36 | Build | Palisade Wall |
| 14:53 | Build | Farm |
| 14:58 | Queue | Villager (Male) |
| 15:13 | Queue | Villager (Male) |
| 15:16 | Queue | Villager (Male) |
| 15:20 | Build | Watch Tower |
| 15:44 | Build | Farm |
| 15:47 | Build | House |
| 16:08 | Queue | Villager (Male) |
| 16:15 | Build | Farm |
| 16:19 | Build | Archery Range |
| 16:50 | Build | Farm |
| 16:53 | Build | Farm |
| 17:12 | Queue | Skirmisher |
| 17:13 | Queue | Skirmisher |
| 17:16 | Queue | Villager (Male) |
| 17:18 | Build | Farm |
| 17:18 | Queue | Villager (Male) |
| 17:29 | Build | Mining Camp |
| 17:51 | Queue | Villager (Male) |
| 18:01 | Build | Blacksmith |
| 18:14 | Queue | Skirmisher |
| 18:28 | Research | Stone Mining |
| 18:46 | Queue | Villager (Male) |
| 19:04 | Build | Palisade Wall |
| 19:10 | Queue | Villager (Male) |
| 19:16 | Research | Fletching |
| 20:04 | Queue | Villager (Male) |
| 20:07 | Build | Market |
| 20:14 | Queue | Skirmisher |
| 20:29 | Build | Lumber Camp |
| 20:32 | Queue | Villager (Male) |
| 21:13 | Research | Castle Age |
| 21:14 | Research | Castle Age |
| 21:19 | Queue | Skirmisher |
| 21:19 | Queue | Skirmisher |
| 21:23 | Build | Watch Tower |
| 21:34 | Queue | Villager (Male) |
| 21:36 | Queue | Skirmisher |
| 21:44 | Build | Farm |
| 21:48 | Build | Farm |
| 21:53 | Queue | Skirmisher |
| 21:53 | Queue | Skirmisher |
| 22:06 | Research | Fletching |
| 22:54 | Research | Padded Archer Armor |
| 22:59 | Queue | Villager (Male) |
| 23:32 | Queue | Villager (Male) |
| 23:39 | Queue | Skirmisher |
| 23:40 | Queue | Skirmisher |
| 23:53 | Age | Castle Age |
| 23:57 | Queue | Villager (Male) |
| 24:00 | Build | Castle |
| 24:02 | Queue | Villager (Male) |
| 24:08 | Build | Town Center |
| 24:22 | Build | Monastery |
| 24:30 | Build | Town Center |
| 24:48 | Build | University |
| 25:16 | Queue | Ratha (Ranged) |
| 25:37 | Queue | Villager (Male) |
| 25:45 | Build | Town Center |
| 25:51 | Queue | Villager (Male) |
| 25:51 | Queue | Villager (Male) |
| 25:51 | Queue | Villager (Male) |
| 25:58 | Queue | Ratha (Ranged) |
| 25:59 | Queue | Ratha (Ranged) |
Match timeline
| 4:58 | KLOAKAN · first_building Barracks |
| 5:03 | KLOAKAN · wall_segment Palisade Wall x2 |
| 5:43 | KLOAKAN · wall_segment Palisade Wall x1 |
| 7:28 | botas.el.gato · wall_segment Palisade Wall x1 |
| 7:59 | botas.el.gato · wall_segment Palisade Wall x3 |
| 8:05 | botas.el.gato · wall_segment Palisade Wall x10 |
| 8:31 | botas.el.gato · wall_segment Palisade Wall x1 |
| 9:14 | botas.el.gato · wall_segment Palisade Wall x1 |
| 9:21 | botas.el.gato · age_up feudal |
| 9:52 | KLOAKAN · wall_segment Palisade Wall x1 |
| 10:43 | botas.el.gato · wall_segment Palisade Wall x1 |
| 10:52 | botas.el.gato · wall_segment Palisade Wall x1 |
| 11:06 | botas.el.gato · wall_segment Palisade Wall x1 |
| 11:14 | KLOAKAN · age_up feudal |
| 11:20 | KLOAKAN · first_building Archery Range |
| 11:28 | KLOAKAN · wall_segment Palisade Wall x1 |
| 12:02 | botas.el.gato · first_building Barracks |
| 13:05 | botas.el.gato · wall_segment Palisade Wall x1 |
| 13:12 | botas.el.gato · first_building Archery Range |
| 13:40 | botas.el.gato · first_building Stable |
| 14:34 | botas.el.gato · wall_segment Palisade Wall x4 |
| 14:36 | botas.el.gato · wall_segment Palisade Wall x4 |
| 19:04 | botas.el.gato · wall_segment Palisade Wall x1 |
| 19:17 | KLOAKAN · wall_segment Palisade Wall x9 |
| 20:24 | KLOAKAN · wall_segment Palisade Wall x24 |
| 21:07 | botas.el.gato · first_market_buy 100 food |
| 21:12 | botas.el.gato · first_market_sell 100 stone |
| 21:48 | KLOAKAN · first_building Stable |
| 23:53 | botas.el.gato · age_up castle |
| 23:59 | KLOAKAN · age_up castle |
| 24:00 | botas.el.gato · first_building Castle |
| 24:22 | botas.el.gato · first_building Monastery |
| 26:10 | KLOAKAN · first_market_buy 100 food |
| 27:48 | KLOAKAN · first_building Monastery |
| 27:51 | botas.el.gato · first_building Siege Workshop |
| 33:46 | KLOAKAN · first_market_sell 100 wood |
| 36:04 | KLOAKAN · first_building Castle |
| 36:59 | KLOAKAN · age_up imperial |
| 42:43 | botas.el.gato · age_up imperial |
| 44:59 | KLOAKAN · first_building Siege Workshop |
| 56:28 | botas.el.gato · resign |
[ AI ANALYSIS · 1 CREDIT ]
What really happened in this match?
Wolo.gg analyzes every decision: build order, eco, micro, common mistakes by bracket. Personalized analysis on WhatsApp or Discord in 30 seconds.
Civ guide
Teutons
Perfil
Jugador #381421